 Dungeon Crawl Stone Soup version 0.26-a0-812-g31a745ddcd (webtiles) character file.

Game seed: 18422651518406693038

59 dmks the Conjurer (level 4, -4/27 HPs)
             Began as an Octopode Conjurer on Nov 14, 2020.
             Slain by a worm (13 damage)
             ... on level 2 of the Dungeon.
             The game lasted 00:06:43 (2536 turns).

dmks the Conjurer (Octopode Conjurer)               Turns: 2536, Time: 00:06:43

Health: -4/27      AC:  1    Str:  6    XL:     4   Next: 3%
Magic:  2/7        EV: 14    Int: 21    God:
Gold:   53         SH:  0    Dex: 16    Spells: 4/7 levels left

rFire    . . .     SeeInvis .   (no weapon)
rCold    . . .     Faith    .   (no shield)
rNeg     . . .     Spirit   .   (helmet restricted)
rPois    .         Reflect  .   (no amulet)
rElec    .         Harm     .   e - +6 ring of dexterity
rCorr    .         Rampage  .   (no ring)
MR       .....                  (no ring)
Stlth    ++++......             (no ring)
HPRegen  0.09/turn              (no ring)
MPRegen  0.10/turn              (no ring)
                                (no ring)
                                (no ring)

@: no status effects
A: almost no armour, stealthy swim, amphibious, 8 rings, constrict 8, camouflage
1, gelatinous body 1
a: no special abilities


You were on level 2 of the Dungeon.
You visited 1 branch of the dungeon, and saw 2 of its levels.

You collected 53 gold pieces.

Inventory:

Jewellery
 e - a +6 ring of dexterity (left tentacle)
   (You found it on level 2 of the Dungeon)
 i - an uncursed amulet of faith {unknown}
   (You found it on level 2 of the Dungeon)
Scrolls
 b - 2 scrolls of teleportation {unknown}
 c - a scroll of amnesia {unknown}
 f - a scroll of identify {unknown}
 j - 2 scrolls of remove curse {unknown}
Potions
 a - 2 potions of ambrosia {unknown}
 d - a potion of lignification {unknown}
 g - 4 potions of curing {unknown}
 h - a potion of resistance {unknown}
 k - a potion of flight {unknown}


   Skills:
 + Level 2.5 Dodging
 + Level 3.4 Stealth
 + Level 2.4 Spellcasting
 * Level 4.6 Conjurations


You had 4 spell levels left.
You knew the following spells:

 Your Spells              Type           Power        Failure   Level
a - Magic Dart            Conj           ###.         1%          1
s - Searing Ray           Conj           ###...       3%          2

Your spell library contained the following spells:

 Spells                   Type           Power        Failure   Level
 Dazzling Flash           Conj/Hex       ##....       16%         3
 Fulminant Prism          Conj/Hex       ##........   47%         4
 Iskenderun's Mystic Bla  Conj/Tloc      ##......     47%         4


Dungeon Overview and Level Annotations

Branches:
Dungeon (2/15)

Altars:
Cheibriados
Dithmenos
Trog


Innate Abilities, Weirdness & Mutations

You cannot wear most types of armour.
You are very stealthy in the water. (Stealth+)
You are amphibious.
You can wear up to eight rings at the same time.
You can use your tentacles to constrict eight enemies at once.
Your skin changes colour to match your surroundings (Stealth+).
Your rubbery body absorbs attacks. (AC +1, EV +1)


Message History

Found a metallic purple potion.
j - a scroll labelled KEAHOU CIRRENKYA
k - a metallic purple potion
Found a scroll labelled KEAHOU CIRRENKYA.
A frilled lizard comes into view.
A frilled lizard is nearby!
Aim: a frilled lizard (asleep)
The magic dart hits the frilled lizard.
You kill the frilled lizard!
j - 2 scrolls labelled KEAHOU CIRRENKYA (gained 1) 2 rats and 2 worms come into view.
Found a club.
Found a bloodstained altar of Trog.
The moth of wrath's fur bristles in rage as it notices you.
You can't see any susceptible monsters within range! (Use Z to cast anyway.) All monsters which could be auto-targeted are covered by a wall or statue which interrupts your line of fire, even though it doesn't interrupt your line of sight.
That beam is likely to hit you.
Continue anyway?
Okay, then.
All monsters which could be auto-targeted are covered by a wall or statue which interrupts your line of fire, even though it doesn't interrupt your line of sight. (Press . to maintain the ray.)
A rat is nearby!
Aim: a rat The magic dart hits the rat.
You kill the rat!
You start resting.
You see here a rat corpse.
A worm is nearby!
You can't see any susceptible monsters within range! (Use Z to cast anyway.) Unknown command.
You can't see any susceptible monsters within range! (Use Z to cast anyway.)
Aim: a rat The magic dart hits the rat.
You kill the rat!
A worm comes into view.
Found two whips.
The moth of wrath goads the worm on!
The worm goes berserk!
Found a hand axe.
Aim: a worm (berserk)
The searing ray hits the worm! (Press . to maintain the ray.)
The searing ray hits the worm.
The worm closely misses you.
The searing ray hits the worm!
The worm closely misses you.
The searing ray hits the worm.
You finish channeling your searing ray.
The worm barely misses you. The worm closely misses you.
The moth of wrath goads the worm on!
The worm goes berserk!
The worm bites you!!
Ouch! That really hurt!
* * * LOW HITPOINT WARNING * * *
The worm bites you!
You die...

........##.##.............#####.#
...♣.♣..##.#.....................
..♣.♣.......(#.#...........#....§
.....♣.....###.##............##.§
...♣....#......###†.#...##..#####
.........#.##### ##.###.....#
............# ####.####.....
...#######..####.......###...# #
#..# #...##.@.......##.... # #..#
#.###.w.........# .. ...#
#...#.w..###....# #.. .#.#
##..#..w##y##...# .... .#.#
##...#....###....# .... .#.#
#....##.........## #.... .#.#
#....##.).._....### .#... .#.#
#.....##)).....##. .... .#.###
#......###)..###. ....


You could see a moth of wrath and 3 worms.

Vanquished Creatures
  An adder (D:2)
  A worm (D:2)
  A dart slug (D:2)
  5 leopard geckos
  8 bats
  A giant cockroach (D:1)
  3 goblins
  8 hobgoblins
  3 frilled lizards (D:2)
  7 rats
38 creatures vanquished.

Notes
Turn   | Place    | Note
-------+----------+-------------------------------------------
     0 | D:1      | dmks the Octopode Conjurer began the quest for the Orb.
     0 | D:1      | Reached XP level 1. HP: 11/11 MP: 3/3
   419 | D:1      | Reached XP level 2. HP: 11/17 MP: 0/5
  1195 | D:1      | Reached XP level 3. HP: 21/21 MP: 4/6
  1752 | D:2      | Learned a level 2 spell: Searing Ray
  1754 | D:2      | Found a snail-covered altar of Cheibriados.
  2248 | D:2      | Found a shadowy altar of Dithmenos.
  2365 | D:2      | Reached XP level 4. HP: 27/27 MP: 2/7
  2474 | D:2      | Noticed a moth of wrath
  2477 | D:2      | Found a bloodstained altar of Trog.
  2536 | D:2      | Slain by a worm

Illustrated notes

Levels and vault maps discovered:
D:1:      dpeg_arrival_castle, layout_loops_ring, chequers_serial_rivers_room_a
D:2:      layout_rooms, cheibriados_altar_1, tgw_trog, tso_altar,
          chequers_garden, grunt_dithmenos_smoke

Skill      XL: |  1 |
---------------+----+-----
Stealth        | 3 |  3.4
Dodging        | |  2.5
Spellcasting   | |  2.4
Conjurations   | |  4.6

Action                   |  1- 3 |  4- 6 || total
-------------------------+-------+-------++-------
Melee: Unarmed           |    14 |       ||    14
       Constrict         |     2 |       ||     2
 Cast: Magic Dart        |    62 |     4 ||    66
       Searing Ray       |     6 |     2 ||     8
 Stab: Sleeping          |     1 |       ||     1
Armor: Skin              |     3 |       ||     3
Dodge: Dodged            |    15 |     4 ||    19

Table legend: (Time is in decaauts)
 A = Elapsed time spent in this place.
 B = Non-inter-level travel time spent in this place.
 C = Inter-level travel time spent in this place.
 D = Time resting spent in this place.
 E = Time spent auto-exploring this place.
 F = Levels seen in this place.
 G = Mean time per level.
                   A        B        C        D        E       F      G
               +--------+--------+--------+--------+--------+-----+--------+
         Total |   2536 |   2497 |     39 |   1033 |   1202 |   2 | 1268.0 |
       Dungeon |   2536 |   2497 |     39 |   1033 |   1202 |   2 | 1268.0 |
               +--------+--------+--------+--------+--------+-----+--------+

Top non-repeatable levels by time:
     D:1: 1553 daAuts
     D:2: 982 daAuts
